 Dungeon Crawl Stone Soup version 0.31-a0-1576-ga3383bade6 (webtiles) character file.

Game seed: 17823891713584141495

235 Rennog the Cudgeller (level 6, -10/35 (50) HPs)
             Began as a Formicid Fighter on Jan 4, 2024.
             Killed by divine providence
             ... invoked by an orc priest
              (12 damage)
             ... on level 4 of the Dungeon.
             The game lasted 00:03:43 (2293 turns).

Rennog the Cudgeller (Formicid Fighter)             Turns: 2293, Time: 00:03:43

HP:   -10/35 (50)   AC: 10    Str: 19 (23) XL:     6   Next: 26%
MP:   6/6           EV: 22    Int:  7      God:
Gold: 224           SH:  6    Dex: 19      Spells: 5/5 levels left

rFire   . . .        y - +0 morningstar
rCold   . . .        c - +0 buckler
rNeg    . . .        r - +0 chain mail
rPois   .            (helmet unavailable)
rElec   .            (no cloak)
rCorr   .            (no gloves)
SInv    +            i - +0 pair of boots
Will    .....        l - amulet of the acrobat Stlth
                     H - +6 ring of dexterity
HPRegen 0.25/turn    (no ring)
MPRegen 0.10/turn

%: acrobat
@: acrobatic, very heavily drained
A: permanent stasis, dig shafts and tunnels, antennae 3, four strong arms
a: Dig, Shaft Self


You were on level 4 of the Dungeon.
You visited 1 branch of the dungeon, and saw 4 of its levels.

You collected 224 gold pieces.

Inventory:

Hand Weapons
 a - a +0 flail
 y - a +0 morningstar (weapon)
 E - a +1 flail of holy wrath
Missiles
 f - 2 throwing nets
Armour
 b - a +0 scale mail
 c - a +0 buckler (worn)
 i - a +0 pair of boots (worn)
 r - a +0 chain mail (worn)
Jewellery
 l - an amulet of the acrobat (around neck)
 H - a +6 ring of dexterity (left hand)
Scrolls
 e - a scroll of acquirement {unknown}
 h - a scroll of fear {unknown}
 k - a scroll of silence {unknown}
 o - 4 scrolls of amnesia {unknown}
 p - 3 scrolls of identify {unknown}
 q - a scroll of immolation {unknown}
 s - a scroll of teleportation {unknown}
 u - a scroll of butterflies {unknown}
 v - a scroll of enchant weapon {unknown}
 w - a scroll of revelation {unknown}
 A - a scroll of noise {unknown}
 B - a scroll of blinking {unknown}
 C - 2 scrolls of brand weapon {unknown}
 F - 2 scrolls of enchant armour {unknown}
 G - a scroll of vulnerability {unknown}
Potions
 d - 2 potions of might
 g - a potion of invisibility {unknown}
 j - 2 potions of berserk rage {unknown}
 m - a potion of mutation {unknown}
 n - a potion of haste {unknown}
 t - 3 potions of attraction {unknown}
 x - 2 potions of heal wounds {unknown}
 z - a potion of curing {unknown}
 D - a potion of degeneration {unknown}


   Skills:
 + Level 4.9 Fighting
 * Level 5.1 Maces & Flails
 - Level 3.2 Armour
 - Level 4.0 Shields


You had 5 spell levels left.
You didn't know any spells.
Your spell library contained the following spells:

 Spells                   Type           Power      Damage    Failure   Level
 Necrotise                Necr           0%         1d4       99%         1
 Sting                    Conj/Alch      0%         1d3       99%         1
 Cigotuvi's Dreadful Rot  Necr/Alch/Air  0%         N/A       100%        2
 Mercury Vapours          Alch/Air       0%         N/A       100%        2
 Sublimation of Blood     Necr           0%         N/A       100%        2
 Fugue of the Fallen      Necr           0%         N/A       100%        3
 Mephitic Cloud           Conj/Alch/Air  0%         N/A       100%        3
 Animate Dead             Necr           0%         N/A       100%        4
 Olgreb's Toxic Radiance  Alch           0%         N/A       100%        4
 Freezing Cloud           Conj/Ice/Air   0%         6-21      100%        5
 Haunt                    Necr/Summ      0%         N/A       100%        7
 Infestation              Necr           0%         N/A       100%        8


Dungeon Overview and Level Annotations

Branches:
Dungeon (4/15)
 Temple: D:4-7

Altars:
Dithmenos
Kikubaaqudgha
Qazlal
Yredelemnul


Innate Abilities, Weirdness & Mutations

You cannot be hasted, slowed, berserked, paralysed or teleported.
You can dig through walls and to a lower floor.
You have a pair of large antennae on your head. (SInv)
Your four strong arms can wield two-handed weapons with a shield.


Message History

You hit the bombardier beetle.
The bombardier beetle is heavily wounded.
The orc hits you but does no damage. x2
You hit the bombardier beetle.
The bombardier beetle is severely wounded.
The orc hits you but does no damage. x2
An endoplasm comes into view.
The bombardier beetle bites you but does no damage.
You barely miss the bombardier beetle.
The bombardier beetle is severely wounded.
The endoplasm quivers.
You block the orc's attack. x2; The bombardier beetle bites you.
The orc hits you with a +0 flail. The orc hits you with a +0 hand axe.
You hit the bombardier beetle.
The bombardier beetle is severely wounded.
The orc hits you with a +0 flail. You block the orc's attack.
The bombardier beetle bites you.
You hit the bombardier beetle.
The bombardier beetle is almost dead.
The orc hits you but does no damage. x2
You hit the bombardier beetle.
The bombardier beetle is almost dead.
You block the orc's attack. The orc barely misses you.
The bombardier beetle closely misses you.
You hit the bombardier beetle.
You kill the bombardier beetle!
You block the orc's attack. The orc barely misses you.
The orc closely misses you. The orc hits you with a +0 hand axe.
You feel your strength returning.
Your Maces & Flails skill increases to level 5!
You see here a bombardier beetle corpse.
The orc attacks as it pursues you! You block the orc's attack.
The orc priest calls down the wrath of Beogh upon you.
Beogh smites you!
* * * LOW HITPOINT WARNING * * *
You open the door. The orc hits you but does no damage.
The endoplasm jiggles.
The orc priest mumbles some strange prayers to Beogh against you.
Beogh smites you!
You die...

#..# ..#.......#..#
..#.......#..#
......_......#
#.#.......#..#
#.#.......#..# +.# .{{..
#..#
#######@####.####..#
......'.oo.oJ......#
.#######...########.####
#
.###############.......#
. ...
..................>.# _.
#.#
#######.#####.###.#.#
..######.########..#
#........#
..............#...##
#..###.####
....##........'.###
#.........#


You could see an orc priest, 2 orcs and an endoplasm.

Vanquished Creatures
  A bombardier beetle (D:4)
  A hound (D:4)
  An orc priest (D:2)
  An orc wizard (D:3)
  A gnoll (D:1)
  4 adders
  An adder zombie (D:3)
  A dart slug (D:2)
  7 orcs
  3 bats
  7 endoplasms
  3 giant cockroaches
  4 goblins
  3 hobgoblins
  3 jackals (D:2)
  3 kobolds
  A quokka (D:3)
  6 ball pythons
  4 frilled lizards
  A kobold zombie (D:4)
  3 rats
  A rat zombie (D:3)
60 creatures vanquished.

Notes
Turn   | Place    | Note
-------+----------+-------------------------------------------
     0 | D:1      | Rennog the Formicid Fighter began the quest for the Orb.
     0 | D:1      | Reached XP level 1. HP: 18/18 MP: 1/1
   200 | D:1      | Reached XP level 2. HP: 20/24 MP: 2/2
   541 | D:1      | Reached skill level 3 in Maces & Flails
   541 | D:1      | Reached XP level 3. HP: 21/30 MP: 3/3
   700 | D:2      | Found a shadowy altar of Dithmenos.
   857 | D:2      | Found a faded altar of an unknown god.
   958 | D:2      | Prayed at the altar of an unknown god.
   958 | D:2      | Became a worshipper of Kikubaaqudgha
   958 | D:2      | Reached * piety under Kikubaaqudgha
   958 | D:2      | Received a gift from Kikubaaqudgha
   959 | D:2      | Fell from the grace of Kikubaaqudgha
  1000 | D:2      | Reached XP level 4. HP: 36/37 MP: 4/4
  1298 | D:2      | Reached skill level 4 in Maces & Flails
  1349 | D:3      | Reached XP level 5. HP: 43/43 MP: 5/5
  1974 | D:4      | Found a shadowy altar of Dithmenos.
  2081 | D:4      | Reached XP level 6. HP: 25/31 MP: 6/6
  2120 | D:4      | Found a basalt altar of Yredelemnul.
  2276 | D:4      | Found a stormy altar of Qazlal.
  2287 | D:4      | Reached skill level 5 in Maces & Flails
  2290 | D:4      | HP: 1/35 [orc priest/divine providence (16)]
  2293 | D:4      | Killed from afar by an orc priest

Illustrated notes

Levels and vault maps discovered:
D:1:      roderic_dead_forest, layout_basic, minmay_tromino_i4
D:2:      layout_rooms, ebering_ecumenical_altar_hall, basic_altar
D:3:      layout_rooms, serial_rivers, chequers_serial_rivers_large_b,
          chequers_serial_rivers_small_a, chequers_serial_rivers_micro_b,
          chequers_serial_rivers_micro_b, chequers_serial_rivers_micro_d,
          chequers_serial_rivers_room_a
D:4:      layout_basic, old_standard_altar, nicolae_dithmenos_the_darkroom,
          mainiacjoe_overflow_catch_the_wave

Skill      XL: |  1  2  3  4  5  6 |
---------------+-------------------+-----
Maces & Flails | 3 4 5 |  5.1
Fighting       | 4 |  4.9
Armour         | |  3.2
Shields        | |  4.0

Action                     |  1- 3 |  4- 6 || total
---------------------------+-------+-------++-------
  Melee: Flail             |   101 |    23 ||   124
         Morningstar       |       |   100 ||   100
 Invoke: Renounce Religion |     1 |       ||     1
 Armour: Scale mail        |    47 |       ||    47
         Chain mail        |    13 |    84 ||    97
  Dodge: Dodged            |    43 |    69 ||   112
  Block: Buckler           |    26 |    34 ||    60

Table legend: (Time is in decaauts)
 A = Elapsed time spent in this place.
 B = Non-inter-level travel time spent in this place.
 C = Inter-level travel time spent in this place.
 D = Time resting spent in this place.
 E = Time spent auto-exploring this place.
 F = Levels seen in this place.
 G = Mean time per level.
                   A        B        C        D        E       F      G
               +--------+--------+--------+--------+--------+-----+--------+
         Total |   2387 |   2229 |    158 |     42 |   1617 |   4 |  596.8 |
       Dungeon |   2387 |   2229 |    158 |     42 |   1617 |   4 |  596.8 |
               +--------+--------+--------+--------+--------+-----+--------+

Top non-repeatable levels by time:
     D:3: 728 daAuts
     D:2: 694 daAuts
     D:1: 629 daAuts
     D:4: 335 daAuts
